 Seeded DCSS version 0.30-a0-883-g5ad918d77d (webtiles) character file.

Game seed: 12101692299064261404 (custom seed)

1292 Mickster the Chopper (level 8, -6/51 HPs)
             Began as a Gargoyle Berserker on Mar 16, 2023.
             Was a Priest of Trog.
             Mangled by a wight
             ... wielding a +0 halberd of venom
              (10 damage)
             ... on level 6 of the Dungeon.
             The game lasted 00:50:59 (4123 turns).

Mickster the Chopper (Gargoyle Berserker)           Turns: 4123, Time: 00:50:59

Health: -6/51      AC: 19    Str: 23    XL:     8   Next: 56%
Magic:  8/8        EV:  8    Int:  8    God:    Trog [***...]
Gold:   707        SH:  5    Dex:  9    Spells: 7/7 levels left

rFire   + . .      SeeInvis .    h - +2 dagger (holy)
rCold   . . .      Faith    .    (no shield)
rNeg    + . .      Spirit   .    s - +2 chain mail {rF+}
rPois   ∞          Reflect  +    (no helmet)
rElec   +          Rampage  .    c - +0 cloak
rCorr   .                        i - +0 pair of gloves
Will    .....                    (no boots) Stlth
                                 q - amulet of reflection
HPRegen 0.28/turn                (no ring)
MPRegen 0.11/turn                (no ring)

@: no status effects
A: sickness immunity, AC +5, negative energy resistance 1, electricity
resistance, torment resistance 1, petrification resistance
a: Renounce Religion, Berserk, Trog's Hand


You were on level 6 of the Dungeon.
You worshipped Trog.
Trog was most pleased with you.
You visited 1 branch of the dungeon, and saw 6 of its levels.

You collected 707 gold pieces.

Inventory:

Hand Weapons
 a - a +1 hand axe of freezing
 d - a +0 sling
 g - a +0 flail of protection
 h - a +2 dagger of holy wrath (weapon)
 l - a +0 great sword of electrocution
 x - a +0 shortbow
 y - a +1 whip of holy wrath
Missiles
 e - 38 stones
 u - 2 throwing nets (quivered)
 z - 5 poisoned darts
Armour
 b - a +0 animal skin
 c - a +0 cloak (worn)
 f - a +0 leather armour of willpower
 i - a +0 pair of gloves (worn)
 s - a +2 chain mail of fire resistance (worn)
Jewellery
 k - an amulet of the acrobat
 p - an amulet of regeneration
 q - an amulet of reflection (around neck)
Wands
 v - a wand of flame (10)
Scrolls
 j - 9 scrolls of identify
 m - a scroll of enchant weapon
 r - a scroll of teleportation
Potions
 o - a potion of ambrosia {unknown}
 t - a potion of flight
 w - a potion of magic {unknown}


   Skills:
 + Level 6.0 Fighting
 * Level 1.7 Short Blades
 - Level 6.0(6.2) Axes
 + Level 2.2(4.7) Maces & Flails
 + Level 4.9 Armour
 + Level 2.6 Dodging
 + Level 1.1 Stealth
 + Level 2.5 Shields


You had 7 spell levels left.
You didn't know any spells.
Your spell library was empty.

Dungeon Overview and Level Annotations

Branches:
Dungeon (6/15)
 Temple: D:4-7

Altars:
Ashenzari


Innate Abilities, Weirdness & Mutations

You are immune to sickness and miasma.
Your stone body is resilient. (AC +5)
You are immune to poison.
You resist negative energy. (rN+)
You are resistant to electric shocks. (rElec)
You are resistant to unholy torment.
You are immune to petrification.


Message History

Moving in this stuff is going to be slow.
You see here a scroll of identify.
You closely miss the wight. The wight hits you but does no damage.
The wight hits you from afar with a +0 halberd of venom!
Your +0 great sword of electrocution stops crackling.
Your +2 dagger of holy wrath softly glows with a divine radiance!
h - a +2 dagger of holy wrath (weapon)
The wight hits you from afar with a +0 halberd of venom.
The wight hits you with a +4 short sword.
* * * LOW HITPOINT WARNING * * *
You feel much better. The wight hits you but does no damage.
You block the wight's attack.
You hit the wight but do no damage. Your punch misses the wight.
The wight barely misses you. The wight hits you with a +0 war axe!
The wight hits you but does no damage.
You hit the wight.
The wight convulses.
The wight is heavily damaged.
The wight hits you from afar with a +0 halberd of venom!
You barely miss the wight. You block the wight's attack.
The wight hits you but does no damage.
The wight hits you with a +0 great sword.
You hit the wight.
The wight convulses.
The wight is lightly damaged.
The wight closely misses you.
You closely miss the wight.
The wight is lightly damaged.
The wight barely misses you. The wight hits you with a +0 war axe.
The wight barely misses you.
The wight splashes around in the water.
You hit the wight.
The wight convulses.
The wight is moderately damaged.
The wight closely misses you.
The wight hits you with a +0 great sword.
* * * LOW HITPOINT WARNING * * *
You block the wight's attack. The wight hits you but does no damage.
You hit the wight.
The wight convulses.
The wight is heavily damaged.
You block the wight's attack. The wight hits you with a +0 war axe!
* * * LOW HITPOINT WARNING * * *
The wight hits you from afar with a +0 halberd of venom!
You die...

. ..# #..# ##~##
#.#.. ###### #†.#
#.≈≈## #.####
#..###≈.≈≈# .#.
#.^...≈.#≈# # #
########...≈≈~..≈≈
#..:.......##..#
#.########.##.≈# #
#### #.##≈~### # ...
#.#≈z@#.##..#
##.##.†≈.zz...≈..
#......[.z...≈≈≈.
...............####..
.####......###.#
##.##.## .# #. #.# .#
#. #.# .# #. #.# .#


You could see 4 wights.

Vanquished Creatures
  Eustachio (D:5)
  Edmund (D:5)
  A water moccasin (D:6)
  2 black bears
  An orc warrior (D:6)
  A centaur (D:5)
  A scorpion (D:5)
  A wight (D:6)
  An orc priest (D:6)
  3 hounds
  3 sleepcaps
  3 iguanas (D:5)
  4 gnolls (D:5)
  6 adders
  An ufetubus (D:5)
  2 worms
  2 dart slugs
  3 orcs
  9 endoplasms
  3 giant cockroaches
  6 goblins
  5 hobgoblins
  4 jackals (D:1)
  9 kobolds
  6 quokkas
  8 ball pythons
  5 bats
  3 frilled lizards
  2 rats (D:3)
  A bush (D:5)
98 creatures vanquished.

Notes
Turn   | Place    | Note
-------+----------+-------------------------------------------
     0 | D:1      | Mickster the Gargoyle Berserker began the quest for the
                  | Orb.
     0 | D:1      | Reached XP level 1. HP: 14/14 MP: 1/1
   198 | D:1      | Reached XP level 2. HP: 15/19 MP: 2/2
   362 | D:1      | Reached XP level 3. HP: 23/23 MP: 3/3
   574 | D:1      | Found a faded altar of an unknown god.
   783 | D:2      | Reached ** piety under Trog
  1044 | D:3      | Found a broken altar of Ashenzari.
  1055 | D:3      | Reached XP level 4. HP: 29/29 MP: 4/4
  1467 | D:3      | Reached XP level 5. HP: 33/33 MP: 5/5
  1942 | D:4      | Noticed a black bear
  1963 | D:4      | Killed a black bear
  1964 | D:4      | Reached skill level 1 in Stealth
  1964 | D:4      | Reached XP level 6. HP: 34/39 MP: 6/6
  2403 | D:5      | Entered Level 5 of the Dungeon
  2417 | D:5      | Reached skill level 1 in Shields
  2678 | D:5      | Noticed a black bear
  2689 | D:5      | Killed a black bear
  2690 | D:5      | Reached skill level 5 in Axes
  2690 | D:5      | Reached XP level 7. HP: 43/44 MP: 7/7
  2697 | D:5      | Identified a scroll of acquirement
  2697 | D:5      | Acquired 519 gold pieces
  2729 | D:5      | Noticed Eustachio
  2742 | D:5      | Reached skill level 5 in Fighting
  2749 | D:5      | Noticed Edmund
  2762 | D:5      | HP: 2/44 [iguana (5)]
  2777 | D:5      | Killed Edmund
  2781 | D:5      | Killed Eustachio
  2781 | D:5      | Reached *** piety under Trog
  3131 | D:5      | Reached XP level 8. HP: 50/50 MP: 8/8
  3918 | D:6      | Reached skill level 1 in Maces & Flails
  4083 | D:6      | Reached skill level 1 in Short Blades
  4123 | D:6      | Mangled by a wight

Illustrated notes

Levels and vault maps discovered:
D:1:      giann_forest_graveyard, layout_loops_ring,
          ebering_ecumenical_altar_abandoned
D:2:      layout_rooms
D:3:      layout_rooms, mainiacjoe_overflow_tiny_flanked,
          chequers_serial_rivers_micro_d, kennysheep_generic_room_12
D:4:      layout_basic
D:5:      layout_rooms, lemuel_temple_firewalk_b, kb_lookout_dungeons_type,
          uniq_eustachio, uniq_edmund
D:6:      layout_loops_ring, nicolae_uskayaw_murder_on_the_dancefloor,
          chequers_serial_rivers_small_b

Skill      XL: |  1  2  3  4  5  6  7  8 |
---------------+-------------------------+-----
Axes           | 3 4 5 6 |  6.0
Dodging        | 2 |  2.6
Fighting       | 4 5 6 |  6.0
Armour         | 3 4 |  4.9
Stealth        | 1 |  1.1
Shields        | 1 2 |  2.5
Maces & Flails | 2 |  2.2
Short Blades   | 1 |  1.7

Action                     |  1- 3 |  4- 6 |  7- 9 || total
---------------------------+-------+-------+-------++-------
  Melee: Hand axe          |   107 |   160 |    34 ||   301
         Punch             |     1 |       |     5 ||     6
         Dagger            |       |       |    50 ||    50
         Flail             |       |       |    97 ||    97
         Great sword       |       |       |    12 ||    12
    Use: Potion            |     8 |       |     7 ||    15
         Scroll            |     7 |     2 |     2 ||    11
 Armour: Animal skin       |    42 |       |       ||    42
         Ring mail         |       |    22 |       ||    22
         Chain mail        |       |    82 |   136 ||   218
  Dodge: Dodged            |    72 |    80 |    70 ||   222
  Block: Other             |       |    41 |    47 ||    88
         Reflection        |       |       |     2 ||     2

Table legend: (Time is in decaauts)
 A = Elapsed time spent in this place.
 B = Non-inter-level travel time spent in this place.
 C = Inter-level travel time spent in this place.
 D = Time resting spent in this place.
 E = Time spent auto-exploring this place.
 F = Levels seen in this place.
 G = Mean time per level.
                   A        B        C        D        E       F      G
               +--------+--------+--------+--------+--------+-----+--------+
         Total |   4190 |   3756 |    434 |    671 |      0 |   6 |  698.3 |
       Dungeon |   4190 |   3756 |    434 |    671 |      0 |   6 |  698.3 |
               +--------+--------+--------+--------+--------+-----+--------+

Top non-repeatable levels by time:
     D:5: 1049 daAuts
     D:1: 906 daAuts
     D:3: 879 daAuts
     D:4: 657 daAuts
     D:2: 441 daAuts
     D:6: 256 daAuts
